 Dungeon Crawl Stone Soup version 0.24-a0-458-gfcb5e6da0e (webtiles) character file.

Game seed: 17754061218380125739

15180 nikopol the Severer (level 11, -8/102 HPs)
             Began as a Minotaur Berserker on June 25, 2019.
             Was a High Priest of Trog.
             Mangled by a death yak (18 damage)
             ... on level 5 of the Lair of Beasts on June 26, 2019.
             The game lasted 00:22:17 (11692 turns).

nikopol the Severer (Minotaur Berserker)           Turns: 11692, Time: 00:22:18

Health: -8/102     AC: 15    Str: 25    XL:     11   Next: 98%
Magic:  10/10      EV: 12    Int:  4    God:    Trog [*****.]
Gold:   592        SH:  0    Dex: 10    Spells: 10/10 levels left

rFire    . . .     SeeInvis .   E - +1 scythe (flame)
rCold    . . .     Gourm    .   (shield currently unavailable)
rNeg     . . .     Faith    .   h - +0 scale mail
rPois    .         Spirit   .   J - +2 hat
rElec    .         Reflect  .   D - +0 cloak
rCorr    +         Harm     .   N - +0 pair of gloves (curse)
MR       +....                  l - +0 pair of boots
Stlth    ..........             (no amulet)
HPRegen  0.27/turn              s - ring of resist corrosion
MPRegen  0.12/turn              A - ring of protection from magic

@: berserk cooldown, slowed, very slow
A: retaliatory headbutt, horns 2
a: Berserk, Trog's Hand, Brothers in Arms, Renounce Religion


You were on level 5 of the Lair of Beasts.
You worshipped Trog.
Trog was extremely pleased with you.
You were near starving.

You visited 2 branches of the dungeon, and saw 14 of its levels.

You collected 592 gold pieces.

Inventory:

Hand Weapons
 a - a +3 vampiric battleaxe
 z - a +0 shortbow
 E - a +1 scythe of flaming (weapon)
 L - a +0 war axe
Missiles
 m - 105 arrows
Armour
 d - a +0 hat
 h - a +0 scale mail (worn)
 l - a +0 pair of boots (worn)
 B - a +0 pair of gloves
 D - a +0 cloak (worn)
 J - a +2 hat (worn)
 N - a cursed +0 pair of gloves (worn)
Jewellery
 p - a +2 ring of dexterity
 s - a ring of resist corrosion (left hand)
 A - a ring of protection from magic (right hand)
 O - an uncursed ring of protection from fire {unknown}
Wands
 q - a wand of flame (56)
 r - a wand of paralysis (10)
 u - a wand of digging (4)
 P - a wand of polymorph (7)
Scrolls
 e - 5 scrolls of blinking
 i - 3 scrolls of enchant armour
 j - 8 scrolls of teleportation {unknown}
 t - 4 scrolls of remove curse {unknown}
 v - a scroll of enchant weapon {unknown}
 w - a scroll of fear {unknown}
 y - 2 scrolls of fog {unknown}
 C - 2 scrolls of immolation {unknown}
 F - a scroll of brand weapon {unknown}
 G - 5 scrolls of vulnerability {unknown}
 H - 9 scrolls of identify
 I - a scroll of holy word {unknown}
 S - a scroll of amnesia {unknown}
Potions
 b - 4 potions of magic
 f - 2 potions of agility
 g - a potion of ambrosia
 k - 3 potions of flight
 n - 3 potions of curing
 o - a potion of brilliance
 x - a potion of haste {unknown}
 K - a potion of heal wounds {unknown}
 M - a potion of lignification {unknown}
 R - a potion of invisibility {unknown}
Comestibles
 c - 19 rations


   Skills:
 + Level 11.1 Fighting
 * Level 15.0 Axes
 + Level 1.3(10.1) Polearms
 * Level 7.5 Bows
 + Level 10.0 Armour
 + Level 4.9 Dodging
 + Level 2.1 Stealth


You had 10 spell levels left.
You didn't know any spells.
Your spell library was empty.

Dungeon Overview and Level Annotations

Branches:
Dungeon (10/15)            Temple (0/1) D:7            Lair (3/6) D:10
    Orc (0/2) D:9
  Swamp: Lair:2-4    Shoals: Lair:2-4     Snake: Lair:2-4    Spider: Lair:2-4

Altars:
Cheibriados
Elyvilon
Fedhas
Kikubaaqudgha
Makhleb
Okawaru
Ru
Sif Muna
Trog
Vehumet
Wu Jian
Yredelemnul
The Shining One

Shops:
D:5 (:[(

Annotations:
D:9 exclusion: statue


Innate Abilities, Weirdness & Mutations

You reflexively headbutt those who attack you in melee.
You have a pair of horns on your head.


Message History

You slash the yak! You burn the yak. Your headbutt misses the yak.
The yak is almost dead.
The yak barely misses you. You furiously retaliate!
You headbutt the yak! The yak barely misses you. You furiously retaliate!
You headbutt the yak!
You kill the yak!
Trog accepts your kill. The death yak gores you!
You closely miss the water moccasin.
Your headbutt misses the water moccasin.
You are no longer berserk.
You are exhausted.
You feel yourself slow down. The death yak gores you!
* * * LOW HITPOINT WARNING * * *
The yak closely misses you. The death yak gores you!
* * * LOW HITPOINT WARNING * * *
You hit the death yak but do no damage.
The death yak is heavily wounded.
The death yak gores you but does no damage.
The death yak gores you!!
You die...

.P. .(. #P. ((.
# #..# (. #.#
... .. #.. ..
#. #.. .#(
#...#Y# #...Y@#
.......YY.....#
.......Y.......
...............
...............
...............
.#P.###........
##. #......P#


You could see 3 death yaks and 2 yaks.

Vanquished Creatures
  Gastronok (D:8)
  2 hydras
  A two-headed ogre (D:10)
  A death yak (Lair:5)
  2 spiny frogs
  5 komodo dragons
  A troll (D:10)
  A hornet (D:8)
  Grinder (D:5)
  2 hippogriffs
  Sigmund (D:6)
  A human (D:10)
  5 yaks
  Eustachio (D:6)
  2 basilisks
  A hungry ghost (D:9)
  3 hogs (D:10)
  Edmund (D:4)
  Menkaure (D:5)
  2 water moccasins
  Duvessa (D:4)
  4 orc warriors
  A black bear (D:8)
  3 sky beasts
  An ice beast (D:9)
  2 ogres
  3 phantoms
  4 wolves (D:10)
  2 centaurs
  2 crocodiles
  A big kobold (D:10)
  An elf zombie (D:7)
  A gnoll sergeant (D:6)
  10 bullfrogs
  Dowan (D:4)
  4 scorpions
  A troll zombie (D:7)
  9 wights
  3 howler monkeys
  5 electric eels (D:10)
  6 crimson imps
  A quasit (D:5)
  9 hounds
  3 jellies
  3 centaur skeletons
  4 human zombies (D:7)
  4 orc priests
  4 orc wizards
  Crazy Yiuf (D:5)
  2 bullfrog skeletons
  3 human skeletons (D:7)
  7 iguanas
  8 worker ants
  2 hound skeletons
  A mummy (D:7)
  3 howler monkey zombies
  2 worker ant zombies
  11 adders
  2 shadow imps
  2 oozes
  An adder zombie (D:5)
  7 worms
  5 dart slugs
  5 leopard geckos
  22 orcs
  6 bats
  3 giant cockroaches
  3 goblins
  7 hobgoblins
  7 kobolds
  4 quokkas
  A ball python (D:1)
  3 frilled lizards
  A giant cockroach zombie (D:6)
  2 quokka skeletons
  9 rats
258 creatures vanquished.

Vanquished Creatures (others)
  A wizard (D:5)
  A fungus (Lair:3)
2 creatures vanquished.

Grand Total: 260 creatures vanquished

Notes
Turn   | Place    | Note
-------+----------+-------------------------------------------
     0 | D:1      | nikopol the Minotaur Berserker began the quest for the Orb.
     0 | D:1      | Reached XP level 1. HP: 19/19 MP: 0/0
   187 | D:1      | Reached XP level 2. HP: 23/27 MP: 1/1
   251 | D:1      | Reached skill level 4 in Axes
   583 | D:1      | Upgraded the game from 0.24-a0-447-ge8da9206dc to
                  | 0.24-a0-458-gfcb5e6da0e
   639 | D:2      | Reached XP level 3. HP: 28/33 MP: 2/2
   692 | D:2      | Reached XP level 4. HP: 38/41 MP: 3/3
  1002 | D:2      | Reached ** piety under Trog
  1082 | D:2      | Reached skill level 5 in Axes
  1089 | D:2      | Found a sacrificial altar of Ru.
  1180 | D:2      | Found a glowing golden altar of the Shining One.
  1296 | D:3      | Reached XP level 5. HP: 45/47 MP: 4/4
  1752 | D:3      | Found an iron altar of Okawaru.
  2112 | D:4      | Reached skill level 6 in Axes
  2143 | D:4      | Noticed Dowan
  2145 | D:4      | Noticed Duvessa
  2154 | D:4      | Killed Duvessa
  2154 | D:4      | Reached skill level 5 in Fighting
  2154 | D:4      | Reached XP level 6. HP: 56/56 MP: 5/5
  2170 | D:4      | Killed Dowan
  2432 | D:4      | Reached skill level 7 in Axes
  2473 | D:4      | Noticed Edmund
  2520 | D:4      | Killed Edmund
  2520 | D:4      | Reached XP level 7. HP: 34/61 MP: 6/6
  2752 | D:5      | Entered Level 5 of the Dungeon
  2771 | D:5      | Reached skill level 5 in Armour
  2789 | D:5      | Noticed Grinder
  2794 | D:5      | Reached *** piety under Trog
  2796 | D:5      | Found Ropew's Antique Weapon Boutique.
  2803 | D:5      | Paralysed by Grinder for 6 turns
  2817 | D:5      | Paralysed by Grinder for 7 turns
  2828 | D:5      | Paralysed by Grinder for 3 turns
  2832 | D:5      | Killed Grinder
  2832 | D:5      | Reached skill level 8 in Axes
  3136 | D:5      | Found Fatyblirph's Book Emporium.
  3189 | D:5      | Found Naunke Nuru's Antique Armour Shoppe.
  3529 | D:5      | Found a bloodstained altar of Trog.
  3531 | D:5      | Noticed a wizard
  3536 | D:5      | Killed a wizard
  3611 | D:5      | Found Okoremne's Antique Weapon Boutique.
  3648 | D:5      | Reached XP level 8. HP: 70/70 MP: 7/7
  3785 | D:5      | Noticed Menkaure
  3789 | D:5      | Killed Menkaure
  3864 | D:5      | Found a runed translucent door.
  3865 | D:5      | Noticed Crazy Yiuf
  3870 | D:5      | Killed Crazy Yiuf
  3870 | D:5      | Reached skill level 9 in Axes
  3944 | D:5      | Found a bloodstained altar of Trog.
  3944 | D:5      | Found an ornate altar of the Wu Jian Council.
  4371 | D:6      | Noticed Sigmund
  4413 | D:6      | Killed Sigmund
  4413 | D:6      | Reached skill level 10 in Axes
  4714 | D:6      | Reached XP level 9. HP: 62/79 MP: 8/8
  4742 | D:6      | Reached **** piety under Trog
  5457 | D:6      | Noticed Eustachio
  5464 | D:6      | Killed Eustachio
  5464 | D:6      | Reached skill level 1 in Stealth
  5606 | D:7      | Found a blossoming altar of Fedhas.
  5615 | D:7      | Found a staircase to the Ecumenical Temple.
  5628 | D:7      | Reached skill level 11 in Axes
  5694 | D:7      | Found a snail-covered altar of Cheibriados.
  5695 | D:7      | Found a burning altar of Makhleb.
  5696 | D:7      | Found a deep blue altar of Sif Muna.
  5699 | D:7      | Found an ancient bone altar of Kikubaaqudgha.
  5699 | D:7      | Found an iron altar of Okawaru.
  5997 | D:7      | Found a basalt altar of Yredelemnul.
  6028 | D:7      | Reached ***** piety under Trog
  6413 | D:8      | Reached skill level 12 in Axes
  6555 | D:8      | Noticed Gastronok
  6569 | D:8      | Killed Gastronok
  6569 | D:8      | Reached XP level 10. HP: 93/93 MP: 9/9
  6571 | D:8      | Reached skill level 10 in Fighting
  6571 | D:8      | Reached skill level 13 in Axes
  7477 | D:9      | Found a white marble altar of Elyvilon.
  7550 | D:9      | Found a radiant altar of Vehumet.
  7761 | D:9      | Reached skill level 1 in Bows
  7879 | D:9      | Found a staircase to the Orcish Mines.
  8131 | D:10     | Entered Level 10 of the Dungeon
  8334 | D:10     | Reached XP level 11. HP: 67/101 MP: 10/10
  8454 | D:10     | Found a staircase to the Lair.
  9197 | D:10     | Noticed a two-headed ogre
  9208 | D:10     | Killed a two-headed ogre
  9620 | D:10     | Reached skill level 5 in Bows
  9680 | Lair:1   | Entered Level 1 of the Lair of Beasts
  9726 | Lair:1   | Reached skill level 14 in Axes
  9956 | Lair:1   | Received a gift from Trog
 11277 | Lair:2   | Noticed a five-headed hydra
 11286 | Lair:2   | Killed a two-headed hydra
 11662 | Lair:3   | You fall into a shaft and drop 2 floors!
 11670 | Lair:5   | Noticed a death yak
 11670 | Lair:5   | Noticed a death yak
 11672 | Lair:5   | Noticed a death yak
 11674 | Lair:5   | Noticed a death yak
 11674 | Lair:5   | Noticed a five-headed hydra
 11680 | Lair:5   | Killed a death yak
 11684 | Lair:5   | Killed a three-headed hydra
 11684 | Lair:5   | Reached skill level 15 in Axes
 11684 | Lair:5   | Reached skill level 1 in Polearms
 11684 | Lair:5   | Reached skill level 10 in Armour
 11692 | Lair:5   | Mangled by a death yak

Levels and vault maps discovered:
D:1:      minmay_arrival_five_plusses, layout_basic
D:2:      layout_rooms, marbit_many_paths, minmay_misc_feat_pillars, tso_altar
D:3:      minmay_spotlight, layout_loops_ring, kennysheep_okawaru_gauntlet
D:4:      layout_cave_pools, first_ration, uniq_duvessa, uniq_edmund
D:5:      layout_basic, gammafunk_temple_overflow_pools, serial_shops,
          nicolae_shop_statue_plus, shop, nicolae_shop_stone, shop, trog_wizard,
          uniq_crazy_yiuf_cottage, uniq_menkaure, uniq_grinder
D:6:      layout_rooms, nicolae_overflow_hidden_temple, sword_in_stone,
          uniq_sigmund, uniq_eustachio
D:7:      layout_basic, lemuel_mausoleum_altar_yredelemnul,
          nicolae_overflow_crystal_walls, grunt_temple_overflow_open,
          minmay_temple_entry_stoned_glass, serial_glass, glass_columns_a,
          glass_columns_a
D:8:      layout_basic, uniq_gastronok
D:9:      layout_layer_cave, elyvilon_altar_4, vehumet_statue, orc_0_dummy
D:10:     layout_loops_ring, erik_lair_island, grunt_livestock
Lair:1:   beast_lair_carwin_large_3, layout_regular_city,
          chequers_serial_rivers_micro_c, guppyfry_lair_drakes,
          grunt_megastairs_4
Lair:2:   layout_roguey
Lair:3:   layout_loops_ring, swamp_mist_pool, serial_bayou_shore_b,
          grunt_megastairs_5, lemuel_fruit_tree
Lair:5:   layout_regular_city, slime_dummy, minivault_24, minivault_23,
          zaba_antful_of_joy

Skill      XL: |  1  2  3  4  5  6  7  8  9 10 11 |
---------------+----------------------------------+-----
Fighting       | 4 5 6 7 9 10 11 | 11.1
Axes           | 4 5 6 7 8 10 12 13 15 | 15.0
Armour         | 3 4 5 6 8 9 10 | 10.0
Dodging        | 3 4 |  4.9
Stealth        | 1 2 |  2.1
Bows           | 3 7 |  7.5
Polearms       | 1 |  1.3

Action                   |  1- 3 |  4- 6 |  7- 9 | 10-12 || total
-------------------------+-------+-------+-------+-------++-------
Melee: Hand axe          |    38 |    50 |       |       ||    88
       Headbutt          |     7 |    16 |    70 |    63 ||   156
       War axe           |       |    52 |   317 |   216 ||   585
       Battleaxe         |       |       |       |    41 ||    41
       Scythe            |       |       |       |    13 ||    13
 Fire: Shortbow          |       |       |       |   131 ||   131
Invok: Berserk           |       |     3 |     9 |     5 ||    17
  Use: Scroll            |       |       |     8 |       ||     8
       Potion            |       |       |     1 |       ||     1
  Eat: Chunk             |       |     7 |    14 |    14 ||    35
       Ration            |       |       |     2 |     2 ||     4
Armor: Animal skin       |     5 |       |       |       ||     5
       Scale mail        |     9 |    49 |   122 |   129 ||   309
Dodge: Dodged            |    16 |    67 |   155 |   156 ||   394

Table legend:
 A = Non-vault XP
 B = Vault XP
 C = Vault XP percentage of total XP
 D = Non-vault monster count
 E = Vault monster count
 F = Vault count percentage of total count
                 A         B        C        D         E       F
            +---------+---------+-------+---------+---------+-------
      Total |   12708 |    8979 |  41.4 |     202 |      56 |  21.7
            +---------+---------+-------+---------+---------+-------
        D:1 |      20 |       0 |   0.0 |      11 |       0 |   0.0
        D:2 |     149 |      13 |   8.0 |      25 |       1 |   3.8
        D:3 |      87 |       1 |   1.1 |      22 |       1 |   4.3
        D:4 |     126 |     398 |  76.0 |       6 |       3 |  33.3
        D:5 |     535 |     683 |  56.1 |      22 |       5 |  18.5
        D:6 |     977 |     714 |  42.2 |      26 |       5 |  16.1
        D:7 |     589 |     580 |  49.6 |      17 |      12 |  41.4
        D:8 |    2176 |    2057 |  48.6 |      26 |       1 |   3.7
        D:9 |     656 |       0 |   0.0 |       8 |       0 |   0.0
       D:10 |    2207 |    1921 |  46.5 |      25 |      14 |  35.9
     Lair:1 |     470 |    2054 |  81.4 |       2 |      12 |  85.7
     Lair:2 |    2054 |       0 |   0.0 |       6 |       0 |   0.0
     Lair:3 |       0 |     558 | 100.0 |       0 |       2 | 100.0
     Lair:5 |    2662 |       0 |   0.0 |       6 |       0 |   0.0
            +---------+---------+-------+---------+---------+-------
